 Dungeon Crawl Stone Soup version 0.23.1 (webtiles) character file.

Game seed: 0

94 Borgoz the Ruffian (level 4, 0/40 HPs)
             Began as a Ghoul Monk on Mar 15, 2019.
             Slain by a hobgoblin (4 damage)
             ... on level 2 of the Dungeon.
             The game lasted 00:02:21 (786 turns).

Borgoz the Ruffian (Ghoul Monk)                      Turns: 786, Time: 00:02:22

Health: 0/40       AC:  2    Str: 19    XL:     4   Next: 63%
Magic:  3/3        EV: 13    Int: 10    God:
Gold:   69         SH:  0    Dex: 12    Spells: 3/3 levels left

rFire    . . .     SeeInvis .     - Unarmed
rCold    + . .     Gourm    .   (no shield)
rNeg     + + +     Faith    .   a - +0 robe
rPois    ∞         Spirit   .   (no helmet)
rElec    .         Reflect  .   (no cloak)
rCorr    .         Harm     .   (no gloves)
MR       .....                  (no boots)
Stlth    ++........             (no amulet)
HPRegen  0.00/turn              (no ring)
MPRegen  0.08/turn              (no ring)

@: mighty, brilliant, rotting
A: rotting body, claws 1, carnivore, cold resistance 1, negative energy
resistance 3, inhibited regeneration, torment resistance, unbreathing
a: no special abilities


You were on level 2 of the Dungeon.
You were not hungry.

You visited 1 branch of the dungeon, and saw 2 of its levels.

You collected 69 gold pieces.

Inventory:

Armour
 a - a +0 robe (worn)
Jewellery
 c - an uncursed amulet of rage {unknown}
Scrolls
 d - 2 scrolls of identify {unknown}
 h - 3 scrolls of random uselessness {unknown}
 i - a scroll of enchant armour {unknown}
Potions
 e - a potion of brilliance
Comestibles
 b - a ration


   Skills:
 + Level 3.9 Fighting
 + Level 3.3 Dodging
 + Level 2.5 Stealth
 + Level 4.5 Unarmed Combat


You had 3 spell levels left.
You didn't know any spells.
Your spell library was empty.

Dungeon Overview and Level Annotations

Branches:
Dungeon (2/15)

Altars:


Innate Abilities, Weirdness & Mutations

Your body is rotting away.
You thrive on raw meat.
You are immune to poison.
You have sharp fingernails.
You are carnivorous and can eat meat at any time.
Your flesh is cold resistant. (rC+)
You are immune to negative energy. (rN+++)
You do not regenerate when monsters are visible.
You are immune to unholy pain and torment.
You can survive without breathing.


Message History

The adder bites you.
* * * LOW HITPOINT WARNING * * *
You closely miss the adder.
The adder is moderately wounded.
The hobgoblin hits you.
* * * LOW HITPOINT WARNING * * *
The adder barely misses you.
Unknown command.
It was a potion of brilliance.
You feel clever all of a sudden. The adder closely misses you.
The hobgoblin hits you.
* * * LOW HITPOINT WARNING * * *
It was a potion of might.
You feel very mighty all of a sudden. The adder misses you.
The hobgoblin hits you.
* * * LOW HITPOINT WARNING * * *
You claw the adder!
You kill the adder!
The hobgoblin hits you.
You die...

#..(.......##........
###....(...%.<.........
.......).....###.......
.##..........# .......
.............## .......
#.............# ......
..#.....(.....#.
.####............
........@......#.
......†.g........
.....!.....#.....
.............##..
............... .
.)..........#...
...........###..
......#...## ..


You could see a hobgoblin.

Vanquished Creatures
  Natasha (twice) (D:2)
  An adder (D:2)
  A shadow imp (D:1)
  2 dart slugs (D:1)
  A giant cockroach (D:1)
  4 goblins
  3 hobgoblins (D:1)
  4 bats
  6 kobolds
  4 rats
28 creatures vanquished.

Notes
Turn   | Place    | Note
-------+----------+-------------------------------------------
     0 | D:1      | Borgoz the Ghoul Monk began the quest for the Orb.
     0 | D:1      | Reached XP level 1. HP: 19/19 MP: 0/0
   255 | D:1      | Reached XP level 2. HP: 20/26 MP: 1/1
   631 | D:2      | Noticed Natasha
   635 | D:2      | Noticed a crimson imp
   636 | D:2      | Killed Natasha
   636 | D:2      | Reached skill level 4 in Unarmed Combat
   636 | D:2      | Reached XP level 3. HP: 28/33 MP: 2/2
   739 | D:2      | Reached XP level 4. HP: 38/40 MP: 3/3
   743 | D:2      | Noticed Natasha
   767 | D:2      | Killed Natasha
   786 | D:2      | Slain by a hobgoblin

Skill      XL: |  1  2 |
---------------+-------+-----
Dodging        | 3 |  3.3
Unarmed Combat | 4 |  4.5
Fighting       | |  3.9
Stealth        | |  2.5

Action                   |  1- 3 |  4- 6 || total
-------------------------+-------+-------++-------
Melee: Unarmed           |    66 |    30 ||    96
       Punch             |       |     1 ||     1
  Use: Potion            |       |     2 ||     2
 Stab: Sleeping          |     1 |       ||     1
  Eat: Chunk             |     5 |     6 ||    11
Armor: Robe              |    16 |     7 ||    23
Dodge: Dodged            |    55 |    58 ||   113
